 Dungeon Crawl Stone Soup version 0.19.5 (webtiles) character file.

239716 happy2pester the Severer (level 19, -3/180 HPs)
             Began as a Hill Orc Fighter on Apr 22, 2017.
             Was the Champion of the Shining One.
             Slain by an azure jelly (20 damage)
             ... created by the Royal Jelly
             ... on level 5 of the Pits of Slime on Apr 23, 2017.
             The game lasted 02:17:47 (31227 turns).

happy2pester the Severer (Hill Orc Fighter)        Turns: 31227, Time: 02:17:48

Health: -3/180     AC: 29    Str: 23 (24) XL:     19   Next: 76%
Magic:  29/29      EV: 12    Int:  3 (4)  God:    the Shining One [******]
Gold:   3005       SH: 29    Dex: 11 (12) Spells: 0 memorised, 18 levels left

rFire  + + .     SeeInvis .     N - +10 war axe "Ohaodac" {flame, rF+}
rCold  . . .     Gourm    .     B - +6 scale mail
rNeg   + + +     Faith    .     W - +8 large shield of the Kangaroo {rF+ rCorr MP+9 Str+4}
rPois  +         Spirit   .     E - +2 hat {MR+}
rElec  +         Reflect  .     C - +2 cloak {MR+}
rCorr  +         Harm     .     F - +2 pair of gloves {Dex+3}
MR     ++++.     Rnd*Rage +     I - +2 pair of boots
Stlth  +.........               A - amulet of regeneration
                                p - +4 ring of protection
                                J - ring of poison resistance

@: glowing
A: berserk 1, blurry vision 1, clumsy 2, deformed body, deterioration 2, dopey
2, magic resistance 1, shaggy fur 1, electricity resistance, weak 2, no device
heal 1, subdued magic 1, MP-powered wands
a: Divine Shield, Cleansing Flame, Summon Divine Warrior, Brand Weapon With Holy
Wrath, Renounce Religion
}: 1/15 runes: decaying


You were on level 5 of the Pits of Slime.
You worshipped the Shining One.
The Shining One was exalted by your worship.
You were not hungry.

You visited 7 branches of the dungeon, and saw 35 of its levels.
You also visited: Volcano.

You collected 3033 gold pieces.
You spent 28 gold pieces at shops.

Inventory:

Hand Weapons
 s - a +7 hand crossbow of freezing
 N - the +10 war axe "Ohaodac" (weapon) {flame, rF+}
   (You found it on level 10 of the Dungeon)

   It has been specially enchanted to burn those struck by it, causing extra
   injury to most foes and up to half again as much damage against particularly
   susceptible opponents.
   Big, fiery blades are also staple armaments of hydra-hunters.
   It protects you from fire.
Missiles
 e - 7 steel javelins (quivered)
 i - 149 bolts
 H - 33 tomahawks
 P - 7 javelins
Armour
 B - a +6 scale mail (worn)
 C - a +2 cloak of magic resistance (worn)
 E - a +2 hat of magic resistance (worn)
 F - a +2 pair of gloves of dexterity (worn)
 G - the +1 crystal plate armour "Kexabecw" {*Slow rPois rC- Regen+}
   (You acquired it on level 1 of the Swamp)

   It makes you vulnerable to cold.
   It protects you from poison.
   It increases your rate of regeneration.
   It may slow you when you take damage.
 I - a +2 pair of boots (worn)
 W - the +8 large shield of the Kangaroo (worn) {rF+ rCorr MP+9 Str+4}
   (You took it off Louise on level 1 of the Elven Halls)

   It affects your strength (+4).
   It protects you from fire.
   It affects your magic capacity (+9).
   It protects you from acid and corrosion.
Jewellery
 l - an uncursed ring of protection from cold
 p - a +4 ring of protection (right hand)
 A - an amulet of regeneration (around neck)
 J - a ring of poison resistance (left hand)
Wands
 a - a wand of heal wounds (6/9)
 x - a wand of enslavement (14/24)
 D - a wand of teleportation (9/9)
 O - a wand of teleportation (8/9)
 X - a wand of digging (7/24)
Scrolls
 o - 4 scrolls of blinking
 q - 14 scrolls of remove curse
 M - 2 scrolls of enchant armour
 Q - a scroll of fear
 T - 2 scrolls of teleportation
Potions
 b - 6 potions of might
 c - 2 potions of resistance
 h - 9 potions of lignification
 r - 10 potions of curing
 w - 3 potions of brilliance
 z - 2 potions of ambrosia
 L - a potion of flight
 S - 2 potions of heal wounds
 Z - 3 potions of berserk rage
Miscellaneous
 u - 2 boxes of beasts
 y - a phantom mirror
Comestibles
 g - 6 slices of pizza
 j - 9 beef jerkies
 n - 21 fruits
 U - 15 royal jellies


   Skills:
 + Level 18.5 Fighting
   Level 11.1 Long Blades
 + Level 19.7 Axes
 + Level 11.0 Crossbows
 + Level 3.1 Throwing
 + Level 12.0 Armour
 + Level 8.5 Dodging
 + Level 2.4 Stealth
 + Level 17.3 Shields
 + Level 2.4 Invocations
 + Level 2.0 Evocations


You had 18 spell levels left.
You didn't know any spells.

Dungeon Overview and Level Annotations

Branches:
Dungeon (15/15)            Temple (1/1) D:4            Lair (6/6) D:8
  Swamp (4/4) Lair:3       Spider (0/4) Lair:2        Slime (5/5) Lair:6
    Orc (2/2) D:12            Elf (2/3) Orc:2        Vaults (0/5) D:14
 Depths (0/5) D:15

Altars:
Ashenzari
Cheibriados
Dithmenos
Elyvilon
Fedhas
Gozag
Hepliaklqana
Kikubaaqudgha
Makhleb
Nemelex Xobeh
Okawaru
Qazlal
Ru
Sif Muna
Trog
Uskayaw
Vehumet
Xom
Yredelemnul
Zin
The Shining One
Beogh
Jiyva
Lugonu

Shops:
D:12 [   Orc:2 (*=*

Portals:
Hell: Lair:6
Abyss: D:1

Annotations:
D:5 exclusion: statue
Slime:5 Royal Jelly


Innate Abilities, Weirdness & Mutations

You tend to lose your temper in combat.
Scrolls take you a little longer to read.
You are very clumsy. (Dex -4)
Armour fits poorly on your strangely shaped body.
Your body often deteriorates upon taking damage.
You are very dopey. (Int -4)
You are resistant to hostile enchantments. (MR+)
You are covered in fur. (AC +1)
You are resistant to electric shocks. (rElec)
You are very weak. (Str -4)
Potions and wands are less effective at restoring your health.
Your spells are a little easier to cast, but a little less powerful.
You expend magic power (3 MP) to strengthen your wands.


Message History

Your body deteriorates!
You feel clumsy. You block the azure jelly's attack.
The azure jelly hits you but does no damage.
Really read with blurry vision while enemies are nearby? [Y]es or [N]o only, please.
Really read with blurry vision while enemies are nearby? [Y]es or [N]o only, please.
Really read with blurry vision while enemies are nearby? [Y]es or [N]o only, please.
Really read with blurry vision while enemies are nearby? [Y]es or [N]o only, please.
Really read with blurry vision while enemies are nearby?
The Royal Jelly closely misses you. The Royal Jelly hits you.
* * * LOW HITPOINT WARNING * * *
You are splashed with acid!
The acid burns!
You resist.
* * * LOW HITPOINT WARNING * * *
The azure jelly hits you.
* * * LOW HITPOINT WARNING * * *
The azure jelly freezes you!!
You die...

.......# #..# #........ .......#
#.## #........
.......########..########........
.......#...#........#...#........
.........#...#._..#...#..........
.......########..########........
.......# #.## #........ .......#
#..# #........ .......## ##@#
##........ ........## #JJ#
##......... .........## #J##
##.......... .(........## #J.#
##...........
...........#####.####............
..............JJJ................
..............J..................
.................................
.................................


You could see the Royal Jelly, an acid blob and 2 azure jellies.

Vanquished Creatures
  Nikola (Elf:2)
  22 acid blobs
  A deep elf blademaster (Elf:2)
  Kirke (Lair:4)
  The ghost of nano the Bewitcher, an adept SpEn of Dithmenos (Slime:1)
  5 thorn hunters
  Donald (Elf:2)
  6 azure jellies
  A deep elf sorcerer (Elf:2)
  Aizul (Elf:2)
  Louise (Elf:1)
  The ghost of murphvienna the Bludgeoner, a journeyman MiFi of Okawaru (D:13)
  The ghost of VanClaymore the Impaler, a journeyman MfGl of Hepliaklqana (Slime:1)
  2 dire elephants (Lair:6)
  A deep elf annihilator (Elf:1)
  Snorg (D:12)
  4 death oozes
  A deep elf death mage (Elf:1)
  8 great orbs of eyes
  A catoblepas (D:15)
  3 centaur warriors
  28 hydras
  2 death knights
  4 alligators
  2 ogre magi
  21 dancing weapons
  An orc high priest (Orc:2)
  Sonja (D:14)
  A hell knight (Volcano)
  Urug (D:11)
  16 deep elf knights
  A sun demon (Lair:6)
  7 skeletal warriors (D:14)
  A sixfirhy (Lair:6)
  5 hill giants
  A fire crab (Lair:6)
  4 deep elf archers
  3 unseen horrors
  A glowing orange brain (Slime:3)
  2 shambling mangroves
  2 wizards
  10 swamp dragons
  A necromancer (D:15)
  48 deep elf magi
  3 orc knights
  5 orc sorcerers
  3 oklob plants (D:11)
  123 slime creatures
  11 shining eyes
  An ugly thing (D:12)
  2 cyclopes
  6 elephants
  2 black mambas
  7 eyes of devastation
  14 spiny frogs
  5 orange demons (Lair:6)
  4 gargoyles
  3 torpor snails
  4 kobold demonologists
  2 naga magi (D:15)
  A smoke demon (Lair:6)
  An efreet (D:14)
  2 freezing wraiths (D:14)
  12 centaur skeletons
  4 komodo dragons
  6 yaktaurs (D:15)
  2 tengu conjurers (D:14)
  2 red devils (Lair:6)
  5 trolls
  A queen bee (Lair:4)
  A polar bear (Lair:6)
  3 meliai (Lair:4)
  Grinder (D:5)
  Prince Ribbit (D:6)
  6 hornets
  8 two-headed ogres
  10 tyrant leeches
  14 blink frogs
  14 hippogriffs
  7 bog bodies
  2 dream sheep (Lair:5)
  A centaur simulacrum (D:15)
  3 redbacks (Lair:2)
  A meliai zombie (D:14)
  2 spriggans
  3 shadows
  A water elemental (Elf:2)
  A vampire (D:15)
  5 wraiths
  Eustachio (D:5)
  21 yaks
  3 wyverns
  3 fire elementals
  5 hungry ghosts
  2 hogs (Lair:4)
  A hog (shapeshifter) (Elf:1)
  12 vampire mosquitoes
  A mottled dragon (D:15)
  A steam dragon (D:11)
  Menkaure (D:6)
  Edmund (D:5)
  3 insubstantial wisps (Swamp:1)
  6 hell hounds
  10 swamp worms
  2 wargs
  Duvessa (D:6)
  16 water moccasins
  8 porcupines
  A floating eye (Slime:2)
  A hornet zombie (D:15)
  6 swamp drakes
  3 ice beasts
  23 orc warriors
  3 sky beasts
  2 black bears
  2 necrophages
  3 phantoms
  9 ogres
  11 eyes of draining
  24 wolves
  3 boggarts (D:14)
  11 centaurs
  20 crocodiles
  The ghost of Doombringer the Magician, an amateur HEFE (D:3)
  Blork the orc (D:6)
  17 big kobolds
  16 bullfrogs
  A wyvern skeleton (D:7)
  Dowan (D:6)
  4 scorpions
  20 killer bees (Lair:4)
  9 wights
  2 howler monkeys (D:10)
  3 centaur zombies
  4 bullfrog zombies
  5 crimson imps
  A quasit (D:10)
  31 orc priests
  6 hounds
  19 jellies
  39 orc wizards
  2 bullfrog skeletons
  2 iguanas
  7 worker ants
  2 hound zombies
  3 hound skeletons
  A worker ant zombie (D:10)
  6 gnolls
  15 adders
  3 shadow imps
  2 oozes
  An adder zombie (D:5)
  3 worms
  4 dart slugs
  2 leopard geckos
  88 orcs
  A ball python (D:3)
  4 bats
  7 giant cockroaches
  11 goblins
  7 hobgoblins
  19 jackals
  28 kobolds
  6 quokkas
  3 frilled lizards
  2 leopard gecko skeletons
  9 rats
  21 briar patches
  A bush (Lair:6)
  2 fungi
  4 plants
1208 creatures vanquished.

Vanquished Creatures (collateral kills)
  A hog (Lair:4)
  An orc (D:13)
2 creatures vanquished.

Vanquished Creatures (others)
  2 deep elf archers (Elf:2)
  3 deep elf magi (Elf:2)
  3 elephants (Lair:6)
  A spiny frog (Lair:6)
  A yak (Lair:3)
  A hog (Lair:4)
  A water moccasin (Lair:6)
  A crocodile (Lair:6)
  A bullfrog (D:11)
  A jelly (D:11)
  3 briar patches
  A bush (Lair:6)
  A fungus (Lair:6)
  2 plants (Lair:6)
22 creatures vanquished.

Grand Total: 1232 creatures vanquished

Notes
Turn   | Place    | Note
-------+----------+-------------------------------------------
     0 | D:1      | happy2pester the Hill Orc Fighter began the quest for the Orb.
     0 | D:1      | Reached XP level 1. HP: 19/19 MP: 1/1
   149 | D:1      | Reached XP level 2. HP: 26/27 MP: 2/2
   346 | D:1      | Reached XP level 3. HP: 27/33 MP: 3/3
   825 | D:1      | Found a corrupted altar of Lugonu.
   825 | D:1      | Found a one-way gate to the infinite horrors of the Abyss.
   825 | D:1      | Noticed a demonic crawler
  1208 | D:2      | Reached XP level 4. HP: 40/40 MP: 4/4
  1963 | D:3      | Noticed Doombringer's ghost (amateur HEFE)
  2006 | D:3      | Killed Doombringer's ghost
  2006 | D:3      | Reached skill level 1 in Crossbows
  2006 | D:3      | Reached XP level 5. HP: 21/47 MP: 5/5
  2560 | D:4      | Reached XP level 6. HP: 35/53 MP: 6/6
  2639 | D:4      | Found a shadowy altar of Dithmenos.
  2699 | D:4      | Found a staircase to the Ecumenical Temple.
  2716 | Temple   | Entered the Ecumenical Temple
  2806 | Temple   | Became a worshipper of the Shining One
  3343 | D:5      | Entered Level 5 of the Dungeon
  3375 | D:5      | Noticed a necrophage
  3385 | D:5      | Killed a necrophage
  3385 | D:5      | Reached skill level 1 in Dodging
  3385 | D:5      | Reached XP level 7. HP: 60/60 MP: 7/7
  3391 | D:5      | Reached skill level 5 in Fighting
  3464 | D:5      | Noticed Grinder
  3475 | D:5      | Paralysed by Grinder for 7 turns
  3483 | D:5      | Killed Grinder
  3483 | D:5      | Reached skill level 5 in Long Blades
  3483 | D:5      | Reached skill level 5 in Armour
  3607 | D:5      | Noticed Edmund
  3627 | D:5      | Killed Edmund
  3627 | D:5      | Reached skill level 5 in Shields
  3627 | D:5      | Reached XP level 8. HP: 58/68 MP: 8/8
  3630 | D:5      | Found a radiant altar of Vehumet.
  3665 | D:5      | Reached * piety under the Shining One
  4129 | D:5      | Noticed Eustachio
  4160 | D:5      | Killed Eustachio
  4385 | D:6      | Noticed Blork the orc
  4393 | D:6      | Killed Blork the orc
  4513 | D:6      | Found a shattered altar of Ashenzari.
  4551 | D:6      | Noticed Prince Ribbit
  4567 | D:6      | Killed Prince Ribbit
  4567 | D:6      | Reached skill level 1 in Throwing
  4674 | D:6      | Noticed Menkaure
  4679 | D:6      | Noticed Duvessa
  4679 | D:6      | Killed Menkaure
  4692 | D:6      | Killed Duvessa
  4692 | D:6      | Reached XP level 9. HP: 46/75 MP: 9/9
  4711 | D:6      | Noticed Dowan
  4724 | D:6      | Killed Dowan
  5217 | D:7      | Reached ** piety under the Shining One
  5671 | D:7      | Found a bloodstained altar of Trog.
  5671 | D:7      | Found a faded altar of an unknown god.
  5676 | D:7      | Found a faded altar of an unknown god.
  5678 | D:7      | Found a white marble altar of Elyvilon.
  5679 | D:7      | Found a faded altar of an unknown god.
  5978 | D:8      | Found a staircase to the Lair.
  5983 | D:8      | Got a crude ring mail
  6055 | D:8      | Reached XP level 10. HP: 84/84 MP: 6/10
  6102 | D:8      | Reached skill level 1 in Invocations
  6257 | D:8      | Identified the +3 ring mail of Discretion {+Fly rPois} (You found it on level 8 of the Dungeon)
  6426 | D:8      | Reached skill level 5 in Crossbows
  6809 | D:8      | Reached *** piety under the Shining One
  6819 | D:8      | Found a snail-covered altar of Cheibriados.
  7269 | D:9      | Found a hide-covered altar of Uskayaw.
  7301 | D:9      | Found an ancient bone altar of Kikubaaqudgha.
  7303 | D:9      | Reached skill level 10 in Long Blades
  7535 | D:9      | Noticed a kobold demonologist
  7551 | D:9      | Killed a kobold demonologist
  7748 | D:9      | Found a hide-covered altar of Uskayaw.
  7762 | D:9      | Found a shattered altar of Ashenzari.
  7812 | D:10     | Entered Level 10 of the Dungeon
  7837 | D:10     | Reached **** piety under the Shining One
  7872 | D:10     | Reached XP level 11. HP: 44/94 MP: 11/11
  8179 | D:10     | Got a crystal war axe
  8491 | D:11     | Identified the +10 war axe "Ohaodac" {flame, rF+} (You found it on level 10 of the Dungeon)
  8496 | D:11     | Noticed a hill giant
  8507 | D:11     | Killed a hill giant
  8507 | D:11     | Reached skill level 1 in Axes
  8522 | D:11     | Noticed an oklob plant
  8522 | D:11     | Noticed an oklob plant
  8698 | D:11     | Noticed an oklob plant
  8851 | D:11     | Killed an oklob plant
  8851 | D:11     | Reached skill level 1 in Stealth
  8922 | D:11     | Killed an oklob plant
  8922 | D:11     | Reached skill level 2 in Axes
  9026 | D:11     | Killed an oklob plant
  9158 | D:11     | Noticed a centaur warrior
  9173 | D:11     | Killed a centaur warrior
  9173 | D:11     | Reached skill level 3 in Axes
  9219 | D:11     | Noticed an unseen horror
  9222 | D:11     | Killed an unseen horror
  9222 | D:11     | Reached skill level 4 in Axes
  9232 | D:11     | Noticed Urug
  9241 | D:11     | Noticed a cyclops
  9282 | D:11     | Killed Urug
  9282 | D:11     | Reached skill level 5 in Axes
  9282 | D:11     | Reached skill level 1 in Evocations
  9287 | D:11     | Killed a cyclops
  9472 | D:11     | Noticed a hill giant
  9480 | D:11     | Killed a hill giant
  9708 | D:12     | Noticed a hill giant
  9708 | D:12     | Reached ***** piety under the Shining One
  9716 | D:12     | Killed a hill giant
  9716 | D:12     | Reached XP level 12. HP: 77/105 MP: 11/13
  9734 | D:12     | Found a staircase to the Orcish Mines.
  9754 | D:12     | Reached skill level 6 in Axes
  9758 | D:12     | Found Zuzo's Armour Shop.
  9959 | D:12     | Noticed a four-headed hydra
  9963 | D:12     | Killed a one-headed hydra
  9971 | D:12     | Reached skill level 7 in Axes
 10039 | D:12     | Reached skill level 10 in Fighting
 10054 | D:12     | Identified the Almanac of Combed Thunderclap
 10066 | D:12     | Identified Zeyphoonn's Volume of Dhcmrlchtdj
 10078 | D:12     | Reached skill level 8 in Axes
 10090 | D:12     | Identified Sif Muna's Almanac of Sand
 10189 | D:12     | Noticed Snorg
 10208 | D:12     | Killed Snorg
 10679 | Lair:1   | Entered Level 1 of the Lair of Beasts
 10735 | Lair:1   | Gained mutation: You are clumsy. (Dex -2) [potion of mutation]
 10735 | Lair:1   | Gained mutation: You are frail. (-10% HP) [potion of mutation]
 11306 | Lair:2   | Reached skill level 9 in Axes
 11347 | Lair:2   | Found a hole to the Spider Nest.
 12412 | Lair:3   | Found a staircase to the Swamp.
 12483 | Lair:3   | Reached XP level 13. HP: 102/102 MP: 14/14
 12619 | Lair:3   | Reached skill level 10 in Axes
 13159 | Lair:4   | Noticed Kirke
 13174 | Lair:4   | Killed Kirke
 13206 | Lair:4   | Identified a scroll of acquirement
 13457 | Lair:4   | Reached skill level 11 in Axes
 13485 | Lair:4   | Lost mutation: You are clumsy. (Dex -2) [potion of cure mutation]
 13485 | Lair:4   | Lost mutation: You are frail. (-10% HP) [potion of cure mutation]
 14081 | Lair:5   | Reached skill level 10 in Shields
 14196 | Lair:5   | Found a dark tunnel.
 14203 | Volcano  | Entered a volcano
 14254 | Volcano  | Reached skill level 12 in Axes
 14568 | Lair:5   | You fall through a shaft!
 14568 | Lair:6   | Entered Level 6 of the Lair of Beasts
 14641 | Lair:6   | Noticed a dire elephant
 14654 | Lair:6   | Killed a dire elephant
 14661 | Lair:6   | Reached XP level 14. HP: 110/125 MP: 15/15
 14751 | Lair:6   | Reached skill level 13 in Axes
 15496 | Lair:6   | Reached ****** piety under the Shining One
 15590 | Lair:6   | Found a staircase to the Slime Pits.
 15796 | Lair:6   | Noticed a dire elephant
 15818 | Lair:6   | Killed a dire elephant
 15857 | Lair:6   | Found a burning altar of Makhleb.
 15896 | Lair:6   | Reached skill level 14 in Axes
 15920 | Lair:6   | Found a gateway to Hell.
 16558 | Orc:1    | Entered Level 1 of the Orcish Mines
 16815 | Orc:2    | Entered Level 2 of the Orcish Mines
 17095 | Orc:2    | Found a staircase to the Elven Halls.
 17340 | Orc:2    | Reached skill level 15 in Axes
 17340 | Orc:2    | Reached skill level 5 in Dodging
 17450 | Orc:2    | Found Kacim's Antique Weapon Boutique.
 17450 | Orc:2    | Found Jomeetug's General Store.
 17450 | Orc:2    | Found Foukhlui's Jewellery Shop.
 17453 | Orc:2    | Found Ticwiz's General Store.
 17457 | Orc:2    | Bought a scroll of identify for 28 gold pieces
 17776 | Elf:1    | Entered Level 1 of the Elven Halls
 17821 | Elf:1    | Noticed Louise
 17856 | Elf:1    | Killed Louise
 17856 | Elf:1    | Reached skill level 10 in Armour
 17856 | Elf:1    | Reached XP level 15. HP: 111/134 MP: 16/16
 17859 | Elf:1    | Got a heavily runed large shield
 17970 | Elf:1    | Identified the +8 large shield of the Kangaroo {rF+ rCorr MP+9 Str+4} (You took it off Louise on level 1 of the Elven Halls)
 18162 | Elf:1    | Reached skill level 10 in Crossbows
 18207 | Elf:1    | Identified the Grimoire of Confrontation
 19007 | Elf:2    | Reached skill level 16 in Axes
 19056 | Elf:2    | Found a runed gate.
 19058 | Elf:2    | Found a runed gate.
 19077 | Elf:2    | Found a runed gate.
 19084 | Elf:2    | Noticed Nikola
 19100 | Elf:2    | Killed Nikola
 19245 | Elf:2    | Noticed a deep elf sorcerer
 19266 | Elf:2    | Killed a deep elf sorcerer
 19502 | Elf:2    | Reached XP level 16. HP: 98/146 MP: 17/17
 19503 | Elf:2    | Noticed a deep elf blademaster
 19505 | Elf:2    | Noticed Aizul
 19720 | Elf:2    | Killed a deep elf blademaster
 19889 | Elf:2    | Noticed Donald
 19903 | Elf:2    | Killed Donald
 20065 | Elf:2    | Killed Aizul
 20360 | D:13     | Gained mutation: Armour fits poorly on your strangely shaped body. [potion of mutation]
 20360 | D:13     | Gained mutation: You regenerate slowly when monsters are visible. [potion of mutation]
 20360 | D:13     | Gained mutation: You possess an exceptional clarity of mind. [potion of mutation]
 20448 | D:13     | Noticed murphvienna's ghost (journeyman MiFi)
 20464 | D:13     | Killed murphvienna's ghost
 21053 | D:14     | Reached skill level 17 in Axes
 21243 | D:14     | Noticed Sonja
 21259 | D:14     | Killed Sonja
 21283 | D:14     | Lost mutation: You possess an exceptional clarity of mind. [potion of cure mutation]
 21283 | D:14     | Lost mutation: Armour fits poorly on your strangely shaped body. [potion of cure mutation]
 21283 | D:14     | Lost mutation: You regenerate slowly when monsters are visible. [potion of cure mutation]
 21353 | D:14     | Reached skill level 15 in Fighting
 21528 | D:14     | Reached XP level 17. HP: 156/156 MP: 18/18
 21922 | D:14     | Found a gate to the Vaults.
 22588 | D:15     | Entered Level 15 of the Dungeon
 22667 | D:15     | Found a roughly hewn altar of Beogh.
 23283 | D:15     | Found a staircase to the Depths.
 23780 | Swamp:1  | Entered Level 1 of the Swamp
 23976 | Swamp:1  | Got an ancient crystal plate armour
 24332 | Swamp:1  | Reached skill level 18 in Axes
 24590 | Swamp:2  | Identified the +1 crystal plate armour "Kexabecw" {*Slow rPois rC- Regen+} (You acquired it on level 1 of the Swamp)
 24637 | Swamp:2  | Reached skill level 15 in Shields
 24814 | Swamp:2  | Gained mutation: You are weak. (Str -2) [potion of mutation]
 24814 | Swamp:2  | Gained mutation: You occasionally shout uncontrollably at your foes. [potion of mutation]
 24814 | Swamp:2  | Gained mutation: You are dopey. (Int -2) [potion of mutation]
 24815 | Swamp:2  | Gained mutation: You are very weak. (Str -4) [potion of mutation]
 24815 | Swamp:2  | Lost mutation: You occasionally shout uncontrollably at your foes. [potion of mutation]
 25471 | Swamp:3  | Gained mutation: You are resistant to hostile enchantments. (MR+) [potion of beneficial mutation]
 25807 | Swamp:4  | Entered Level 4 of the Swamp
 25992 | Swamp:4  | Reached XP level 18. HP: 142/168 MP: 19/19
 26098 | Swamp:4  | Got a decaying rune of Zot
 27415 | Slime:1  | Entered Level 1 of the Pits of Slime
 27442 | Slime:1  | Noticed nano's ghost (adept SpEn)
 27454 | Slime:1  | Killed nano's ghost
 27983 | Slime:2  | Gained mutation: Armour fits poorly on your strangely shaped body. [a shining eye]
 27985 | Slime:2  | Gained mutation: Your spells are a little easier to cast, but a little less powerful. [a shining eye]
 28688 | Slime:3  | Gained mutation: You are covered in fur. (AC +1) [a shining eye]
 28689 | Slime:3  | Gained mutation: Scrolls take you a little longer to read. [a shining eye]
 28869 | Slime:2  | Reached skill level 19 in Axes
 28932 | Slime:1  | Noticed VanClaymore's ghost (journeyman MfGl)
 29031 | Slime:1  | Killed VanClaymore's ghost
 29313 | Slime:4  | Gained mutation: You tend to lose your temper in combat. [a shining eye]
 29315 | Slime:4  | Gained mutation: You expend magic power (3 MP) to strengthen your wands. [a shining eye]
 29359 | Slime:3  | Reached XP level 19. HP: 160/177 MP: 17/20
 29377 | Slime:4  | Gained mutation: Your body sometimes deteriorates upon taking damage. [a shining eye]
 29379 | Slime:4  | Gained mutation: Your body often deteriorates upon taking damage. [a shining eye]
 29381 | Slime:4  | Gained mutation: You are resistant to electric shocks. (rElec) [a shining eye]
 30203 | Slime:4  | Gained mutation: You are very dopey. (Int -4) [a shining eye]
 30237 | Slime:4  | Gained mutation: You are clumsy. (Dex -2) [a shining eye]
 30450 | Slime:5  | Entered Level 5 of the Pits of Slime
 30493 | Slime:5  | Gained mutation: You are very clumsy. (Dex -4) [a shining eye]
 30931 | Slime:5  | Found a viscous altar of Jiyva.
 30953 | Slime:5  | Gained mutation: Potions and wands are less effective at restoring your health. [a shining eye]
 31198 | Slime:5  | Noticed the Royal Jelly
 31227 | Slime:5  | Slain by an azure jelly

Skill      XL: |  1  2  3  4  5  6  7  8  9 10 11 12 13 14 15 16 17 18 19 |
---------------+----------------------------------------------------------+-----
Fighting       | 4 5 6 8 9 10 11 12 14 15 16 17 18 | 18.5
Long Blades    | 3 4 5 7 9 10 11 | 11.1
Armour         | 4 5 6 7 8 9 10 11 12 | 12.0
Shields        | 4 5 6 7 8 9 10 11 12 14 15 16 17 | 17.3
Crossbows      | 1 2 3 4 5 6 7 8 9 10 11 | 11.0
Dodging        | 1 2 3 4 5 6 7 8 |  8.5
Throwing       | 1 2 3 |  3.1
Invocations    | 1 2 |  2.4
Axes           | 5 9 12 15 16 17 18 19 | 19.7
Stealth        | 1 2 |  2.4
Evocations     | 1 2 |  2.0

Action                   |  1- 3 |  4- 6 |  7- 9 | 10-12 | 13-15 | 16-18 | 19-21 || total
-------------------------+-------+-------+-------+-------+-------+-------+-------++-------
Melee: Long sword        |   136 |   114 |   227 |   266 |       |       |       ||   743
       Scimitar          |       |       |     5 |       |       |       |       ||     5
       War axe           |       |       |       |   189 |   617 |   954 |   193 ||  1953
 Fire: Hand crossbow     |       |    46 |    60 |   236 |   333 |   399 |    79 ||  1153
Throw: Javelin           |     3 |     9 |    19 |    19 |     3 |     5 |    12 ||    70
       Tomahawk          |       |       |       |     1 |       |       |       ||     1
Invok: Divine Shield     |       |       |     1 |       |       |       |       ||     1
       Cleansing Flame   |       |       |       |       |     1 |       |       ||     1
       Summon Divine War |       |       |       |       |       |     1 |       ||     1
Evoke: Wand              |       |       |       |     7 |     1 |       |     3 ||    11
       Phantom mirror    |       |       |       |       |       |     1 |       ||     1
  Use: Scroll            |     8 |     8 |    11 |    24 |    13 |    19 |       ||    83
       Potion            |     4 |     3 |       |     7 |     5 |    11 |       ||    30
  Eat: Chunk             |     1 |     7 |     6 |     8 |     1 |       |       ||    23
       Beef jerky        |       |       |     2 |       |       |       |       ||     2
       Meat ration       |       |       |       |     3 |     4 |     7 |     1 ||    15
       Fruit             |       |       |       |     2 |       |       |       ||     2
       Royal jelly       |       |       |       |     1 |       |     1 |       ||     2
Armor: Scale mail        |    65 |    36 |    82 |   199 |   312 |   267 |    45 ||  1006
Dodge: Dodged            |    41 |    27 |    60 |   139 |   242 |   159 |    38 ||   706
Block: Shield            |    67 |    55 |   122 |   246 |   329 |       |       ||   819
       Large shield      |       |       |       |       |   129 |  1008 |   181 ||  1318
       Rpst.: Long sword |     9 |    10 |    18 |    16 |       |       |       ||    53
